Rangers vs Oilers
Created - January 3, 2023 at 19:02
Goals
|
Rangers |
0 |
0 |
2 |
2 |
Oilers |
0 |
2 |
2 |
4 |
|
Shots
|
Rangers |
10 |
6 |
8 |
24 |
Oilers |
3 |
18 |
13 |
34 |
|
1st period
No Goal
Penalties :
Tobias Enstrom (Edm) for Slashing (Minor) at 0:45, Brady Skjei (Edm) for Interference (Minor) at 4:50, Magnus Paajarvi (NyR) for Hooking (Minor) at 12:14
2nd period
1. Oilers , Anton Slepyshev 3 (Connor McDavid 22) at 4:57
2. Oilers , James Neal 9 (David Pastrnak 13, Connor McDavid 23) at 7:53 (PP)
Penalties :
Dmitry Kulikov (NyR) for Tripping (Minor) at 0:31, Henrik Samuelsson (NyR) for High sticking (Minor) at 7:41, Ryan Nugent-Hopkins (Edm) for Holding (Minor) at 10:44, Henrik Samuelsson (NyR) for Roughing (Minor) at 17:07, Anton Slepyshev (Edm) for Tripping (Minor) at 19:27
3rd period
3. Rangers , Milan Lucic 10 (Devante Smith-Pelly 9, Sean Couturier 15) at 6:42
4. Oilers , Viktor Arvidsson 8 (Ryan Nugent-Hopkins 10, Cam Barker 8) at 17:54 (SH)
5. Rangers , Ryan Dzingel 3 (Stefan Noesen 5, Maxime Sauvé 1) at 18:56
6. Oilers , Evander Kane 6 (Viktor Arvidsson 9, Jake Gardiner 13) at 19:14
Penalties :
Devante Smith-Pelly (NyR) for Interference (Minor) at 8:13, Connor McDavid (Edm) for Hooking (Minor) at 11:12, Brady Skjei (Edm) for Hooking (Minor) at 15:02, Tobias Enstrom (Edm) for Hooking (Minor) at 16:08
Goalie Stats
Frederik Andersen (NyR), 30 saves from 34 shots - (0.882), L, 6-8-1, 60:00 minutes
James Reimer (Edm), 22 saves from 24 shots - (0.917), W, 12-7-2, 60:00 minutes
Players Stats for Rangers
Player Name G A P +/- PIM S H SB GA TA FO MP PP MP PK MP
------------------------------------------------------------------------------------
Cale Makar 0 0 0 -3 0 2 0 2 3 1 0/0 21:33 7:32 1:15
Devante Smith-Pelly 0 1 1 -1 2 2 0 0 0 1 0/0 18:38 7:18 0:34
Dmitry Kulikov 0 0 0 0 2 0 2 2 1 0 0/0 16:00 0:11 2:30
Henrik Samuelsson 0 0 0 0 4 2 1 2 0 0 2/5 11:10 0:01 1:05
Luke Schenn 0 0 0 -1 0 0 0 3 1 0 0/0 24:45 5:28 4:36
Magnus Paajarvi 0 0 0 0 2 0 0 1 0 0 0/0 10:42 0:01 0:18
Maxime Sauvé 0 1 1 1 0 1 0 0 0 0 0/3 9:35 0:00 1:57
Mikhail Sergachev 0 0 0 2 0 0 0 1 0 0 0/0 22:55 5:28 4:23
Milan Lucic 1 0 1 -2 0 7 1 1 0 0 1/1 18:41 7:18 0:19
Patrik Nemeth 0 0 0 0 0 1 1 1 1 2 0/0 16:52 0:00 3:32
Richard Panik 0 0 0 0 0 0 1 0 0 0 0/1 15:32 5:41 0:00
Ryan Dzingel 1 0 1 1 0 2 0 0 0 0 0/0 7:32 0:00 0:00
Ryan Strome 0 0 0 -1 0 1 1 2 0 1 0/2 15:50 5:41 0:00
Sean Couturier 0 1 1 -2 0 1 1 0 1 1 19/38 22:59 7:18 4:42
Stefan Noesen 0 1 1 1 0 3 1 0 1 0 0/0 13:35 0:01 5:24
T.J Galiardi 0 0 0 0 0 0 1 2 0 1 0/0 11:44 0:00 1:57
Tomas Hertl 0 0 0 0 0 2 2 0 0 0 5/12 15:32 5:41 0:00
Vince Dunn 0 0 0 0 0 0 0 0 0 0 0/0 18:12 7:21 0:00
Players Stats for Oilers
Player Name G A P +/- PIM S H SB GA TA FO MP PP MP PK MP
------------------------------------------------------------------------------------
Anton Slepyshev 1 0 1 0 2 2 1 0 0 0 0/0 7:20 0:00 0:38
Brady Skjei 0 0 0 0 4 4 1 2 0 0 0/0 23:24 5:22 1:42
Cam Barker 0 1 1 1 0 1 2 1 0 0 0/0 20:56 2:10 5:14
Connor McDavid 0 2 2 0 2 2 2 0 0 1 8/14 16:42 4:22 0:42
David Pastrnak 0 1 1 0 0 3 1 1 0 0 2/2 15:21 4:19 0:00
Evander Kane 1 0 1 0 0 4 0 0 0 0 2/4 19:31 0:00 7:08
Jake Gardiner 0 1 1 0 0 2 1 0 1 1 0/0 26:28 2:10 7:46
James Neal 1 0 1 0 0 4 0 0 0 0 0/0 12:50 4:19 0:03
Leon Draisaitl 0 0 0 0 0 4 1 0 2 0 0/0 17:14 3:54 1:46
Marcus Pettersson 0 0 0 0 0 1 0 1 1 0 0/0 15:12 5:58 0:22
Mark Stone 0 0 0 0 0 0 1 0 1 1 0/0 12:25 3:49 0:00
Patrice Bergeron 0 0 0 1 0 1 3 0 0 0 7/15 16:17 0:12 7:23
Ryan Getzlaf 0 0 0 0 0 1 1 1 0 2 2/5 6:27 0:00 0:00
Ryan Nugent-Hopkins 0 1 1 0 2 1 1 0 0 0 13/21 18:41 3:29 3:16
Shea Weber 0 0 0 1 0 0 0 0 0 1 0/0 18:15 0:00 7:46
Tobias Enstrom 0 0 0 0 4 0 0 0 1 1 0/0 16:11 0:36 3:22
Viktor Arvidsson 1 1 2 1 0 3 1 0 1 1 0/0 16:19 0:00 3:58
Zach Hyman 0 0 0 0 0 1 1 0 0 0 1/1 6:27 0:00 0:00
3 Stars
1 - Viktor Arvidsson (Edm)
2 - Cam Barker (Edm)
3 - James Neal (Edm)
Power Play
Rangers - 0 on 7 Attempt(s) - 0.00%
Oilers - 1 on 5 Attempt(s) - 20.00%
Penalty Kill
Rangers - 4 on 5 Attempt(s) - 80.00%
- Score 0 goal in Penalty Kill
Oilers - 7 on 7 Attempt(s) - 100.00%
- Score 1 goal in Penalty Kill
Team Stat
Rangers - Hits : 12 - Faceoff Wins : 27 - Blocked Shots : 17 - Penalty Minutes : 10
Oilers - Hits : 17 - Faceoff Wins : 35 - Blocked Shots : 6 - Penalty Minutes : 14
Official
Referees : Peter MacDougall and Michael Markovic
Linesman : Jonny Murray and Ryan Galloway
Game Notes
No Game Note
Finance
Level 1 -- Attendance: 5672 (94.53%) -- Ticket Income $567,200
Level 2 -- Attendance: 4431 (88.62%) -- Ticket Income $265,860
Level 3 -- Attendance: 1808 (90.40%) -- Ticket Income $63,280
Level 4 -- Attendance: 4000 (100.00%) -- Ticket Income $100,000
Luxury Box -- Attendance: 1000 (100.00%) -- Ticket Income $200,000
Game was played at the Rodgers Place.
Total Attendance: 16911 (93.95%)
Total Ticket Income: $1,196,340
Other Income: $179,451
Total Income: $1,375,791
Rangers
5 vs 5 Forward
Center Left Wing Right Wing Time % Phy DF OF
1 Sean Couturier Milan Lucic Devante Smith-Pelly 35 1 2 2
2 Tomas Hertl Richard Panik Ryan Strome 30 1 2 2
3 Henrik Samuelsson T.J Galiardi Magnus Paajarvi 20 1 2 2
4 Maxime Sauvé Ryan Dzingel Stefan Noesen 15 1 2 2
5 vs 5 Defense
Defense Defense Time % Phy DF OF
1 Luke Schenn Cale Makar 30 1 2 2
2 Vince Dunn Mikhail Sergachev 30 1 2 2
3 Dmitry Kulikov Patrik Nemeth 30 1 2 2
4 Luke Schenn Cale Makar 10 1 2 2
PowerPlay Forward
Center Left Wing Right Wing Time % Phy DF OF
1 Sean Couturier Milan Lucic Devante Smith-Pelly 60 1 1 3
2 Tomas Hertl Richard Panik Ryan Strome 40 1 1 3
PowerPlay Defense
Defense Defense Time % Phy DF OF
1 Cale Makar Vince Dunn 60 1 1 3
2 Luke Schenn Mikhail Sergachev 40 1 1 3
Penalty Kill 4 Players Forward
Center Wing Time % Phy DF OF
1 Sean Couturier Stefan Noesen 60 1 3 1
2 Maxime Sauvé T.J Galiardi 40 1 3 1
Penalty Kill 4 Players Defense
Defense Defense Time % Phy DF OF
1 Luke Schenn Mikhail Sergachev 60 1 3 1
2 Dmitry Kulikov Patrik Nemeth 40 1 3 1
Penalty Kill - 3 Players Forward
Forward Time % Phy DF OF
1 Sean Couturier 60 1 3 1
2 Maxime Sauvé 40 1 3 1
Penalty Kill - 3 Players Defense
Defense Defense Time % Phy DF OF
1 Luke Schenn Mikhail Sergachev 60 1 3 1
2 Dmitry Kulikov Patrik Nemeth 40 1 2 2
4 vs 4 Forward
Center Wing Time % Phy DF OF
1 Sean Couturier Milan Lucic 60 1 2 2
2 Tomas Hertl Devante Smith-Pelly 40 1 2 2
4 vs 4 Defense
Defense Defense Time % Phy DF OF
1 Dmitry Kulikov Patrik Nemeth 60 1 2 2
2 Luke Schenn Cale Makar 40 1 2 2
Last Minutes Offensive
Center Left Wing Right Wing Defense Defense
Sean Couturier Milan Lucic Ryan Strome Luke Schenn Cale Makar
Last Minutes Defensive
Center Left Wing Right Wing Defense Defense
Sean Couturier Milan Lucic Ryan Strome Luke Schenn Dmitry Kulikov
Goaltenders
Starting : Frederik Andersen
Backup : Samuel Montembeault
Extra Forwards
Normal : Devante Smith-Pelly, Richard Panik, T.J Galiardi - PP : Devante Smith-Pelly, Richard Panik - PK : Devante Smith-Pelly
Extra Defensemen
Normal : Cale Makar, Vince Dunn, Mikhail Sergachev - PP : Cale Makar - PK : Cale Makar, Vince Dunn
Penalty Shots
Milan Lucic, Sean Couturier, Tomas Hertl, Ryan Strome, Devante Smith-Pelly
Scratches
None
Oilers
5 vs 5 Forward
Center Left Wing Right Wing Time % Phy DF OF
1 Ryan Nugent-Hopkins Evander Kane Viktor Arvidsson 40 1 2 2
2 Connor McDavid Leon Draisaitl David Pastrnak 30 1 2 2
3 Patrice Bergeron James Neal Mark Stone 20 1 2 2
4 Ryan Getzlaf Anton Slepyshev Zach Hyman 10 1 2 2
5 vs 5 Defense
Defense Defense Time % Phy DF OF
1 Brady Skjei Jake Gardiner 40 1 2 2
2 Cam Barker Tobias Enstrom 30 1 2 2
3 Shea Weber Marcus Pettersson 20 1 2 2
4 Cam Barker Shea Weber 10 1 2 2
PowerPlay Forward
Center Left Wing Right Wing Time % Phy DF OF
1 Connor McDavid James Neal David Pastrnak 60 1 2 2
2 Ryan Nugent-Hopkins Leon Draisaitl Mark Stone 40 1 2 2
PowerPlay Defense
Defense Defense Time % Phy DF OF
1 Brady Skjei Marcus Pettersson 60 1 2 2
2 Cam Barker Jake Gardiner 40 1 2 2
Penalty Kill 4 Players Forward
Center Wing Time % Phy DF OF
1 Patrice Bergeron Evander Kane 60 1 2 2
2 Ryan Nugent-Hopkins Viktor Arvidsson 40 1 2 2
Penalty Kill 4 Players Defense
Defense Defense Time % Phy DF OF
1 Shea Weber Jake Gardiner 60 1 2 2
2 Cam Barker Tobias Enstrom 40 1 2 2
Penalty Kill - 3 Players Forward
Forward Time % Phy DF OF
1 Patrice Bergeron 60 1 2 2
2 Connor McDavid 40 1 2 2
Penalty Kill - 3 Players Defense
Defense Defense Time % Phy DF OF
1 Brady Skjei Jake Gardiner 60 1 2 2
2 Cam Barker Tobias Enstrom 40 1 2 2
4 vs 4 Forward
Center Wing Time % Phy DF OF
1 Connor McDavid Evander Kane 60 1 2 2
2 Patrice Bergeron Leon Draisaitl 40 1 2 2
4 vs 4 Defense
Defense Defense Time % Phy DF OF
1 Brady Skjei Jake Gardiner 60 1 2 2
2 Cam Barker Tobias Enstrom 40 1 2 2
Last Minutes Offensive
Center Left Wing Right Wing Defense Defense
Connor McDavid Evander Kane David Pastrnak Brady Skjei Jake Gardiner
Last Minutes Defensive
Center Left Wing Right Wing Defense Defense
Patrice Bergeron Evander Kane Viktor Arvidsson Shea Weber Jake Gardiner
Goaltenders
Starting : James Reimer
Backup : Jonas Hiller
Extra Forwards
Normal : Leon Draisaitl, Ryan Nugent-Hopkins, Viktor Arvidsson - PP : Leon Draisaitl, Ryan Nugent-Hopkins - PK : Leon Draisaitl
Extra Defensemen
Normal : Tobias Enstrom, Shea Weber, Marcus Pettersson - PP : Tobias Enstrom - PK : Tobias Enstrom, Shea Weber
Penalty Shots
Evander Kane, Connor McDavid, David Pastrnak, Patrice Bergeron, Leon Draisaitl
Scratches
None
% Time on Ice - Rangers
Lines # - Real PCT - Wanted PCT - Time Play
Normal Forward
1 - 30% - 35% - 11:24
2 - 26% - 30% - 9:57
3 - 25% - 20% - 9:41
4 - 20% - 15% - 7:32
Normal Defense
1 - 29% - 30% - 11:15
2 - 34% - 30% - 13:15
3 - 34% - 30% - 12:56
4 - 3% - 10% - 1:08
PP Forward
1 - 56% - 60% - 7:19
2 - 44% - 40% - 5:41
PP Defense
1 - 58% - 60% - 7:32
2 - 42% - 40% - 5:28
PK Forward
1 - 76% - 60% - 6:11
2 - 24% - 40% - 1:57
PK Defense
1 - 57% - 60% - 4:36
2 - 43% - 40% - 3:32
PK3 Forward
1 - 0% - 60%
2 - 0% - 40%
PK3 Defense
1 - 0% - 60%
2 - 0% - 40%
44 Forward
1 - 0% - 60%
2 - 0% - 40%
44 Defense
1 - 0% - 60%
2 - 0% - 40%
Last Minute Offensive - 0:18
Last Minute Defensive - 0:00
Total
Forward - 60:00
Defense - 60:00
|
% Time on Ice - Oilers
Lines # - Real PCT - Wanted PCT - Time Play
Normal Forward
1 - 32% - 40% - 12:26
2 - 30% - 30% - 11:26
3 - 21% - 20% - 8:15
4 - 17% - 10% - 6:27
Normal Defense
1 - 45% - 40% - 17:22
2 - 32% - 30% - 12:24
3 - 19% - 20% - 7:25
4 - 4% - 10% - 1:23
PP Forward
1 - 53% - 60% - 4:19
2 - 47% - 40% - 3:49
PP Defense
1 - 73% - 60% - 5:58
2 - 27% - 40% - 2:10
PK Forward
1 - 65% - 60% - 7:56
2 - 35% - 40% - 4:11
PK Defense
1 - 58% - 60% - 7:02
2 - 42% - 40% - 5:05
PK3 Forward
1 - 77% - 60% - 0:41
2 - 23% - 40% - 0:12
PK3 Defense
1 - 83% - 60% - 0:44
2 - 17% - 40% - 0:09
44 Forward
1 - 0% - 60%
2 - 0% - 40%
44 Defense
1 - 0% - 60%
2 - 0% - 40%
Last Minute Offensive - 0:00
Last Minute Defensive - 0:18
Total
Forward - 60:00
Defense - 60:00
|
Play-by-Play
1st period
0:01 of 1st period - Evander Kane wins face-off versus Sean Couturier in neutral zone.
0:45 of 1st period - Minor Penalty to Tobias Enstrom for Slashing.
0:46 of 1st period - Sean Couturier wins face-off versus Patrice Bergeron in Oilers zone.
0:57 of 1st period - Wrist shot by Cale Makar.
0:57 of 1st period - Shot Misses the Net.
2:45 of 1st period - Penalty to Tobias Enstrom is over, Tobias Enstrom is back on ice.
2:56 of 1st period - Slapshot by Magnus Paajarvi.
2:56 of 1st period - Shot Misses the Net.
4:39 of 1st period - Magnus Paajarvi is hit by Brady Skjei and loses puck.
4:50 of 1st period - Minor Penalty to Brady Skjei for Interference.
4:51 of 1st period - Patrice Bergeron wins face-off versus Sean Couturier in Oilers zone.
4:57 of 1st period - Icing by Devante Smith-Pelly.
4:58 of 1st period - Patrice Bergeron wins face-off versus Sean Couturier in Rangers zone.
5:05 of 1st period - Wrist shot by Evander Kane.
5:05 of 1st period - Shot Misses the Net.
6:50 of 1st period - Penalty to Brady Skjei is over, Brady Skjei is back on ice.
7:06 of 1st period - Henrik Samuelsson is hit by David Pastrnak and loses puck.
7:11 of 1st period - Slapshot by Connor McDavid.
7:11 of 1st period - Shot Blocked by Dmitry Kulikov.
7:58 of 1st period - Tobias Enstrom is hit by Stefan Noesen and loses puck.
8:17 of 1st period - Snap shot by Viktor Arvidsson.
8:17 of 1st period - Stopped by Frederik Andersen with a rebound.
8:31 of 1st period - Wrist shot by Devante Smith-Pelly.
8:31 of 1st period - Shot Blocked by Cam Barker.
8:33 of 1st period - Backhand shot by Milan Lucic.
8:33 of 1st period - Stopped by James Reimer without a rebound.
8:34 of 1st period - Connor McDavid wins face-off versus Sean Couturier in Oilers zone.
8:34 of 1st period - Connor McDavid is hit by Dmitry Kulikov.
9:04 of 1st period - Leon Draisaitl is hit by Patrik Nemeth and loses puck.
9:50 of 1st period - Snap shot by Milan Lucic.
9:50 of 1st period - Stopped by James Reimer with a rebound.
9:54 of 1st period - Snap shot by Milan Lucic.
9:54 of 1st period - Shot Misses the Net.
9:56 of 1st period - Backhand shot by Dmitry Kulikov.
9:56 of 1st period - Shot Misses the Net.
9:58 of 1st period - Wrist shot by Devante Smith-Pelly.
9:58 of 1st period - Stopped by James Reimer with a rebound.
10:00 of 1st period - Snap shot by Dmitry Kulikov.
10:00 of 1st period - Shot Misses the Net.
10:02 of 1st period - Backhand shot by Devante Smith-Pelly.
10:02 of 1st period - Stopped by James Reimer with a rebound.
10:26 of 1st period - Wrist shot by Milan Lucic.
10:26 of 1st period - Stopped by James Reimer without a rebound.
10:27 of 1st period - Ryan Nugent-Hopkins wins face-off versus Tomas Hertl in Oilers zone.
10:44 of 1st period - Wrist shot by Tomas Hertl.
10:44 of 1st period - Stopped by James Reimer with a rebound.
10:54 of 1st period - Magnus Paajarvi is hit by Jake Gardiner and loses puck.
11:19 of 1st period - Slapshot by Brady Skjei.
11:19 of 1st period - Stopped by Frederik Andersen without a rebound.
11:20 of 1st period - Tomas Hertl wins face-off versus Ryan Getzlaf in Rangers zone.
11:27 of 1st period - Snap shot by Ryan Strome.
11:27 of 1st period - Stopped by James Reimer without a rebound.
11:28 of 1st period - Ryan Nugent-Hopkins wins face-off versus Tomas Hertl in Oilers zone.
11:28 of 1st period - Ryan Nugent-Hopkins is hit by Tomas Hertl.
12:14 of 1st period - Minor Penalty to Magnus Paajarvi for Hooking.
12:15 of 1st period - Sean Couturier wins face-off versus Connor McDavid in Rangers zone.
13:53 of 1st period - Connor McDavid is hit by Dmitry Kulikov and loses puck.
14:14 of 1st period - Penalty to Magnus Paajarvi is over, Magnus Paajarvi is back on ice.
14:43 of 1st period - Wrist shot by Evander Kane.
14:43 of 1st period - Deflect By Connor McDavid.
14:43 of 1st period - Shot Misses the Net.
14:43 of 1st period - Puck is out of play.
14:44 of 1st period - Tomas Hertl wins face-off versus Connor McDavid in Rangers zone.
14:44 of 1st period - Tomas Hertl is hit by Viktor Arvidsson.
15:10 of 1st period - Vince Dunn is hit by Anton Slepyshev and loses puck.
15:31 of 1st period - Snap shot by Cam Barker.
15:31 of 1st period - Shot Blocked by Patrik Nemeth.
15:37 of 1st period - Henrik Samuelsson is hit by Mark Stone.
15:57 of 1st period - Slapshot by Tomas Hertl.
15:57 of 1st period - Stopped by James Reimer without a rebound.
15:58 of 1st period - Ryan Nugent-Hopkins wins face-off versus Sean Couturier in Oilers zone.
16:52 of 1st period - Off-side.
16:53 of 1st period - Patrice Bergeron wins face-off versus Maxime Sauvé in neutral zone.
19:10 of 1st period - Snap shot by Stefan Noesen.
19:10 of 1st period - Stopped by James Reimer with a rebound.
19:16 of 1st period - Snap shot by Stefan Noesen.
19:16 of 1st period - Stopped by James Reimer without a rebound.
19:17 of 1st period - Ryan Nugent-Hopkins wins face-off versus Tomas Hertl in Oilers zone.
19:32 of 1st period - Snap shot by Evander Kane.
19:32 of 1st period - Shot Misses the Net.
19:52 of 1st period - Snap shot by David Pastrnak.
19:52 of 1st period - Stopped by Frederik Andersen with a rebound.
19:54 of 1st period - Slapshot by Jake Gardiner.
19:54 of 1st period - Shot Misses the Net.
19:56 of 1st period - Slapshot by Leon Draisaitl.
19:56 of 1st period - Shot Blocked by Milan Lucic.
Goals for this period are 0 for Rangers vs 0 for Oilers.
Shots for this period are 10 for Rangers vs 3 for Oilers.
2nd period
0:01 of 2nd period - Ryan Nugent-Hopkins wins face-off versus Tomas Hertl in neutral zone.
0:04 of 2nd period - Slapshot by Brady Skjei.
0:04 of 2nd period - Shot Blocked by Cale Makar.
0:06 of 2nd period - Snap shot by Viktor Arvidsson.
0:06 of 2nd period - Shot Blocked by Luke Schenn.
0:12 of 2nd period - Snap shot by Viktor Arvidsson.
0:12 of 2nd period - Deflect By Ryan Nugent-Hopkins.
0:12 of 2nd period - Shot Misses the Net.
0:12 of 2nd period - Puck is out of play.
0:13 of 2nd period - Ryan Nugent-Hopkins wins face-off versus Sean Couturier in Rangers zone.
0:31 of 2nd period - Minor Penalty to Dmitry Kulikov for Tripping.
0:32 of 2nd period - Sean Couturier wins face-off versus Connor McDavid in Rangers zone.
0:42 of 2nd period - Off-side.
0:43 of 2nd period - Sean Couturier wins face-off versus Connor McDavid in neutral zone.
0:54 of 2nd period - Snap shot by Stefan Noesen.
0:54 of 2nd period - Stopped by James Reimer without a rebound.
0:55 of 2nd period - Connor McDavid wins face-off versus Sean Couturier in Oilers zone.
1:32 of 2nd period - Icing by Marcus Pettersson.
1:33 of 2nd period - Ryan Nugent-Hopkins wins face-off versus Sean Couturier in Oilers zone.
2:30 of 2nd period - Slapshot by Brady Skjei.
2:30 of 2nd period - Shot Misses the Net.
2:31 of 2nd period - Penalty to Dmitry Kulikov is over, Dmitry Kulikov is back on ice.
2:32 of 2nd period - Slapshot by Ryan Nugent-Hopkins.
2:32 of 2nd period - Stopped by Frederik Andersen with a rebound.
2:44 of 2nd period - Wrist shot by Ryan Nugent-Hopkins.
2:44 of 2nd period - Shot Misses the Net.
2:48 of 2nd period - Snap shot by Leon Draisaitl.
2:48 of 2nd period - Stopped by Frederik Andersen without a rebound.
2:49 of 2nd period - Tomas Hertl wins face-off versus Ryan Getzlaf in Rangers zone.
2:49 of 2nd period - Tomas Hertl is hit by Ryan Getzlaf.
2:52 of 2nd period - Icing by Ryan Strome.
2:53 of 2nd period - Zach Hyman wins face-off versus Ryan Strome in Rangers zone.
3:04 of 2nd period - Snap shot by Ryan Getzlaf.
3:04 of 2nd period - Shot Hit the Post.
3:06 of 2nd period - Slapshot by Tobias Enstrom.
3:06 of 2nd period - Deflect By Ryan Getzlaf.
3:06 of 2nd period - Stopped by Frederik Andersen with a rebound.
3:08 of 2nd period - Snap shot by Anton Slepyshev.
3:08 of 2nd period - Stopped by Frederik Andersen without a rebound.
3:09 of 2nd period - Henrik Samuelsson wins face-off versus Ryan Getzlaf in Rangers zone.
3:36 of 2nd period - Mikhail Sergachev is hit by Ryan Nugent-Hopkins and loses puck.
4:57 of 2nd period - Snap shot by Anton Slepyshev.
4:57 of 2nd period - Goal by Anton Slepyshev - Rangers : 0 - Oilers : 1.
4:58 of 2nd period - Connor McDavid wins face-off versus Sean Couturier in neutral zone.
5:05 of 2nd period - Snap shot by Connor McDavid.
5:05 of 2nd period - Stopped by Frederik Andersen without a rebound.
5:06 of 2nd period - Connor McDavid wins face-off versus Sean Couturier in Rangers zone.
5:07 of 2nd period - Snap shot by Leon Draisaitl.
5:07 of 2nd period - Stopped by Frederik Andersen with a rebound.
5:09 of 2nd period - Slapshot by Cam Barker.
5:09 of 2nd period - Shot Misses the Net.
5:17 of 2nd period - Wrist shot by Connor McDavid.
5:17 of 2nd period - Shot Blocked by Dmitry Kulikov.
5:19 of 2nd period - Slapshot by Leon Draisaitl.
5:19 of 2nd period - Stopped by Frederik Andersen without a rebound.
5:20 of 2nd period - Tomas Hertl wins face-off versus Ryan Nugent-Hopkins in Rangers zone.
6:09 of 2nd period - Magnus Paajarvi is hit by Patrice Bergeron and loses puck.
6:18 of 2nd period - Wrist shot by James Neal.
6:18 of 2nd period - Shot Blocked by Luke Schenn.
6:34 of 2nd period - Snap shot by Zach Hyman.
6:34 of 2nd period - Shot Blocked by Henrik Samuelsson.
6:36 of 2nd period - Backhand shot by Tobias Enstrom.
6:36 of 2nd period - Shot Blocked by Henrik Samuelsson.
6:38 of 2nd period - Snap shot by Zach Hyman.
6:38 of 2nd period - Stopped by Frederik Andersen without a rebound.
6:39 of 2nd period - Sean Couturier wins face-off versus Ryan Nugent-Hopkins in Rangers zone.
6:52 of 2nd period - Wrist shot by Devante Smith-Pelly.
6:52 of 2nd period - Shot Misses the Net.
6:54 of 2nd period - Slapshot by Milan Lucic.
6:54 of 2nd period - Shot Misses the Net.
7:30 of 2nd period - Stefan Noesen is hit by Patrice Bergeron and loses puck.
7:41 of 2nd period - Minor Penalty to Henrik Samuelsson for High sticking.
7:42 of 2nd period - Connor McDavid wins face-off versus Sean Couturier in Rangers zone.
7:45 of 2nd period - Wrist shot by David Pastrnak.
7:45 of 2nd period - Shot Misses the Net.
7:47 of 2nd period - Snap shot by James Neal.
7:47 of 2nd period - Stopped by Frederik Andersen with a rebound.
7:49 of 2nd period - Snap shot by James Neal.
7:49 of 2nd period - Stopped by Frederik Andersen with a rebound.
7:51 of 2nd period - Snap shot by David Pastrnak.
7:51 of 2nd period - Stopped by Frederik Andersen with a rebound.
7:53 of 2nd period - Snap shot by James Neal.
7:53 of 2nd period - Goal by James Neal - Rangers : 0 - Oilers : 2.
7:54 of 2nd period - Milan Lucic wins face-off versus Ryan Nugent-Hopkins in neutral zone.
8:19 of 2nd period - Tomas Hertl is hit by Connor McDavid and loses puck.
8:48 of 2nd period - Wrist shot by James Neal.
8:48 of 2nd period - Stopped by Frederik Andersen without a rebound.
8:49 of 2nd period - Sean Couturier wins face-off versus Evander Kane in Rangers zone.
9:02 of 2nd period - Wrist shot by Milan Lucic.
9:02 of 2nd period - Stopped by James Reimer without a rebound.
9:03 of 2nd period - Ryan Nugent-Hopkins wins face-off versus Tomas Hertl in Oilers zone.
10:44 of 2nd period - Minor Penalty to Ryan Nugent-Hopkins for Holding.
10:45 of 2nd period - Sean Couturier wins face-off versus Patrice Bergeron in Oilers zone.
10:49 of 2nd period - Snap shot by Sean Couturier.
10:49 of 2nd period - Stopped by James Reimer without a rebound.
10:50 of 2nd period - Sean Couturier wins face-off versus Patrice Bergeron in Oilers zone.
10:57 of 2nd period - Snap shot by Milan Lucic.
10:57 of 2nd period - Deflect By Sean Couturier.
10:57 of 2nd period - Shot Misses the Net.
10:57 of 2nd period - Puck is out of play.
10:58 of 2nd period - Sean Couturier wins face-off versus Patrice Bergeron in Oilers zone.
10:59 of 2nd period - Slapshot by Milan Lucic.
10:59 of 2nd period - Stopped by James Reimer with a rebound.
11:09 of 2nd period - Patrice Bergeron is hit by Milan Lucic and loses puck.
11:24 of 2nd period - Richard Panik is hit by Patrice Bergeron and loses puck.
12:44 of 2nd period - Penalty to Ryan Nugent-Hopkins is over, Ryan Nugent-Hopkins is back on ice.
12:57 of 2nd period - Marcus Pettersson is hit by Henrik Samuelsson and loses puck.
13:33 of 2nd period - Snap shot by T.J Galiardi.
13:33 of 2nd period - Shot Blocked by David Pastrnak.
13:41 of 2nd period - Backhand shot by Cam Barker.
13:41 of 2nd period - Deflect By Ryan Strome.
13:41 of 2nd period - Stopped by Frederik Andersen without a rebound.
13:42 of 2nd period - Ryan Nugent-Hopkins wins face-off versus Ryan Strome in Rangers zone.
13:57 of 2nd period - Ryan Nugent-Hopkins is hit by Richard Panik and loses puck.
14:10 of 2nd period - Snap shot by Evander Kane.
14:10 of 2nd period - Shot Misses the Net.
14:16 of 2nd period - Wrist shot by Patrice Bergeron.
14:16 of 2nd period - Shot Misses the Net.
14:18 of 2nd period - Slapshot by Patrice Bergeron.
14:18 of 2nd period - Shot Blocked by T.J Galiardi.
14:20 of 2nd period - Slapshot by Brady Skjei.
14:20 of 2nd period - Stopped by Frederik Andersen with a rebound.
15:04 of 2nd period - Slapshot by Connor McDavid.
15:04 of 2nd period - Shot Blocked by Mikhail Sergachev.
15:06 of 2nd period - Snap shot by Connor McDavid.
15:06 of 2nd period - Shot Misses the Net.
15:08 of 2nd period - Snap shot by David Pastrnak.
15:08 of 2nd period - Shot Blocked by Ryan Strome.
15:10 of 2nd period - Snap shot by David Pastrnak.
15:10 of 2nd period - Stopped by Frederik Andersen with a rebound.
15:12 of 2nd period - Wrist shot by Leon Draisaitl.
15:12 of 2nd period - Deflect By Connor McDavid.
15:12 of 2nd period - Stopped by Frederik Andersen without a rebound.
15:13 of 2nd period - Sean Couturier wins face-off versus Ryan Nugent-Hopkins in Rangers zone.
15:42 of 2nd period - Slapshot by Patrik Nemeth.
15:42 of 2nd period - Stopped by James Reimer without a rebound.
15:43 of 2nd period - Connor McDavid wins face-off versus Henrik Samuelsson in Oilers zone.
15:52 of 2nd period - Wrist shot by Henrik Samuelsson.
15:52 of 2nd period - Stopped by James Reimer with a rebound.
15:54 of 2nd period - Slapshot by Cale Makar.
15:54 of 2nd period - Shot Misses the Net.
16:03 of 2nd period - Icing by David Pastrnak.
16:04 of 2nd period - Sean Couturier wins face-off versus Connor McDavid in Oilers zone.
17:07 of 2nd period - Minor Penalty to Henrik Samuelsson for Roughing.
17:08 of 2nd period - Connor McDavid wins face-off versus Sean Couturier in Rangers zone.
17:18 of 2nd period - Backhand shot by Brady Skjei.
17:18 of 2nd period - Deflect By Connor McDavid.
17:18 of 2nd period - Shot Blocked by Luke Schenn.
17:18 of 2nd period - Puck is out of play.
17:19 of 2nd period - Connor McDavid wins face-off versus Sean Couturier in Rangers zone.
17:30 of 2nd period - Wrist shot by Stefan Noesen.
17:30 of 2nd period - Shot Misses the Net.
17:32 of 2nd period - Snap shot by Stefan Noesen.
17:32 of 2nd period - Deflect By Sean Couturier.
17:32 of 2nd period - Shot Blocked by Marcus Pettersson.
17:32 of 2nd period - Puck is out of play.
17:33 of 2nd period - Sean Couturier wins face-off versus Connor McDavid in Oilers zone.
17:34 of 2nd period - Snap shot by Stefan Noesen.
17:34 of 2nd period - Shot Blocked by Brady Skjei.
18:53 of 2nd period - Leon Draisaitl is hit by Sean Couturier and loses puck.
19:07 of 2nd period - Penalty to Henrik Samuelsson is over, Henrik Samuelsson is back on ice.
19:18 of 2nd period - Wrist shot by Cale Makar.
19:18 of 2nd period - Deflect By Tomas Hertl.
19:18 of 2nd period - Shot Blocked by Ryan Getzlaf.
19:18 of 2nd period - Puck is out of play.
19:19 of 2nd period - Ryan Getzlaf wins face-off versus Tomas Hertl in Oilers zone.
19:27 of 2nd period - Minor Penalty to Anton Slepyshev for Tripping.
19:28 of 2nd period - Patrice Bergeron wins face-off versus Sean Couturier in Oilers zone.
Goals for this period are 0 for Rangers vs 2 for Oilers.
Shots for this period are 6 for Rangers vs 18 for Oilers.
3rd period
0:01 of 3rd period - Sean Couturier wins face-off versus Patrice Bergeron in neutral zone.
0:04 of 3rd period - Snap shot by Cale Makar.
0:04 of 3rd period - Stopped by James Reimer with a rebound.
1:27 of 3rd period - Penalty to Anton Slepyshev is over, Anton Slepyshev is back on ice.
1:44 of 3rd period - Snap shot by David Pastrnak.
1:44 of 3rd period - Shot Misses the Net.
2:43 of 3rd period - Wrist shot by Patrice Bergeron.
2:43 of 3rd period - Stopped by Frederik Andersen without a rebound.
2:44 of 3rd period - Sean Couturier wins face-off versus Patrice Bergeron in Rangers zone.
2:57 of 3rd period - Wrist shot by Sean Couturier.
2:57 of 3rd period - Shot Misses the Net.
2:59 of 3rd period - Snap shot by Milan Lucic.
2:59 of 3rd period - Stopped by James Reimer without a rebound.
3:00 of 3rd period - Ryan Nugent-Hopkins wins face-off versus Tomas Hertl in Oilers zone.
3:07 of 3rd period - Snap shot by Evander Kane.
3:07 of 3rd period - Stopped by Frederik Andersen with a rebound.
3:46 of 3rd period - Slapshot by Cale Makar.
3:46 of 3rd period - Deflect By Cam Barker.
3:46 of 3rd period - Stopped by James Reimer without a rebound.
3:47 of 3rd period - Ryan Nugent-Hopkins wins face-off versus Sean Couturier in Oilers zone.
3:52 of 3rd period - Wrist shot by Evander Kane.
3:52 of 3rd period - Stopped by Frederik Andersen with a rebound.
4:12 of 3rd period - Henrik Samuelsson is hit by Connor McDavid and loses puck.
4:17 of 3rd period - Wrist shot by Connor McDavid.
4:17 of 3rd period - Shot Blocked by Magnus Paajarvi.
4:19 of 3rd period - Slapshot by Marcus Pettersson.
4:19 of 3rd period - Stopped by Frederik Andersen without a rebound.
4:20 of 3rd period - Evander Kane wins face-off versus Sean Couturier in Rangers zone.
5:28 of 3rd period - Off-side.
5:29 of 3rd period - Ryan Nugent-Hopkins wins face-off versus Maxime Sauvé in neutral zone.
5:40 of 3rd period - Wrist shot by Evander Kane.
5:40 of 3rd period - Stopped by Frederik Andersen without a rebound.
5:41 of 3rd period - Sean Couturier wins face-off versus Ryan Nugent-Hopkins in Rangers zone.
6:36 of 3rd period - Slapshot by Henrik Samuelsson.
6:36 of 3rd period - Stopped by James Reimer without a rebound.
6:37 of 3rd period - Sean Couturier wins face-off versus Ryan Nugent-Hopkins in Oilers zone.
6:42 of 3rd period - Wrist shot by Milan Lucic.
6:42 of 3rd period - Goal by Milan Lucic - Rangers : 1 - Oilers : 2.
6:43 of 3rd period - Sean Couturier wins face-off versus Ryan Nugent-Hopkins in neutral zone.
6:52 of 3rd period - Off-side.
6:53 of 3rd period - Sean Couturier wins face-off versus Ryan Nugent-Hopkins in neutral zone.
7:22 of 3rd period - Wrist shot by Viktor Arvidsson.
7:22 of 3rd period - Stopped by Frederik Andersen with a rebound.
7:24 of 3rd period - Snap shot by Brady Skjei.
7:24 of 3rd period - Stopped by Frederik Andersen with a rebound.
7:26 of 3rd period - Snap shot by Viktor Arvidsson.
7:26 of 3rd period - Shot Misses the Net.
7:28 of 3rd period - Slapshot by Evander Kane.
7:28 of 3rd period - Shot Misses the Net.
7:30 of 3rd period - Slapshot by Jake Gardiner.
7:30 of 3rd period - Shot Misses the Net.
7:42 of 3rd period - Snap shot by Evander Kane.
7:42 of 3rd period - Shot Misses the Net.
8:04 of 3rd period - Slapshot by Brady Skjei.
8:04 of 3rd period - Stopped by Frederik Andersen with a rebound.
8:06 of 3rd period - Slapshot by Jake Gardiner.
8:06 of 3rd period - Stopped by Frederik Andersen with a rebound.
8:13 of 3rd period - Minor Penalty to Devante Smith-Pelly for Interference.
8:14 of 3rd period - David Pastrnak wins face-off versus Maxime Sauvé in Rangers zone.
9:17 of 3rd period - Jake Gardiner is hit by T.J Galiardi and loses puck.
9:53 of 3rd period - Icing by James Neal.
9:54 of 3rd period - David Pastrnak wins face-off versus Henrik Samuelsson in Oilers zone.
10:13 of 3rd period - Penalty to Devante Smith-Pelly is over, Devante Smith-Pelly is back on ice.
10:19 of 3rd period - Mikhail Sergachev is hit by Zach Hyman and loses puck.
10:25 of 3rd period - Off-side.
10:26 of 3rd period - Ryan Getzlaf wins face-off versus Richard Panik in neutral zone.
11:12 of 3rd period - Minor Penalty to Connor McDavid for Hooking.
11:13 of 3rd period - Sean Couturier wins face-off versus Patrice Bergeron in Oilers zone.
12:00 of 3rd period - Wrist shot by Ryan Nugent-Hopkins.
12:00 of 3rd period - Shot Blocked by Cale Makar.
12:54 of 3rd period - Sean Couturier is hit by Leon Draisaitl and loses puck.
13:12 of 3rd period - Penalty to Connor McDavid is over, Connor McDavid is back on ice.
13:51 of 3rd period - Snap shot by Ryan Dzingel.
13:51 of 3rd period - Deflect By Stefan Noesen.
13:51 of 3rd period - Shot Blocked by Brady Skjei.
13:51 of 3rd period - Puck is out of play.
13:52 of 3rd period - Ryan Nugent-Hopkins wins face-off versus Henrik Samuelsson in Oilers zone.
14:49 of 3rd period - Snap shot by Ryan Getzlaf.
14:49 of 3rd period - Shot Blocked by T.J Galiardi.
14:51 of 3rd period - Slapshot by Jake Gardiner.
14:51 of 3rd period - Stopped by Frederik Andersen with a rebound.
15:02 of 3rd period - Minor Penalty to Brady Skjei for Hooking.
15:03 of 3rd period - Patrice Bergeron wins face-off versus Sean Couturier in Oilers zone.
15:17 of 3rd period - Slapshot by Milan Lucic.
15:17 of 3rd period - Shot Hit the Post.
15:29 of 3rd period - Evander Kane is hit by Ryan Strome and loses puck.
16:08 of 3rd period - Minor Penalty to Tobias Enstrom for Hooking.
16:09 of 3rd period - Patrice Bergeron wins face-off versus Sean Couturier in Oilers zone.
16:40 of 3rd period - Patrice Bergeron is hit by Tomas Hertl and loses puck.
17:02 of 3rd period - Penalty to Brady Skjei is over, Brady Skjei is back on ice.
17:20 of 3rd period - Milan Lucic is hit by Cam Barker and loses puck.
17:45 of 3rd period - Milan Lucic is hit by Cam Barker and loses puck.
17:54 of 3rd period - Wrist shot by Viktor Arvidsson.
17:54 of 3rd period - Goal by Viktor Arvidsson - Rangers : 1 - Oilers : 3.
17:55 of 3rd period - Tomas Hertl wins face-off versus Evander Kane in neutral zone.
18:08 of 3rd period - Penalty to Tobias Enstrom is over, Tobias Enstrom is back on ice.
18:26 of 3rd period - Snap shot by Leon Draisaitl.
18:26 of 3rd period - Stopped by Frederik Andersen with a rebound.
18:50 of 3rd period - Slapshot by Stefan Noesen.
18:50 of 3rd period - Shot Misses the Net.
18:52 of 3rd period - Snap shot by Maxime Sauvé.
18:52 of 3rd period - Stopped by James Reimer with a rebound.
18:54 of 3rd period - Snap shot by Ryan Dzingel.
18:54 of 3rd period - Stopped by James Reimer with a rebound.
18:56 of 3rd period - Slapshot by Stefan Noesen.
18:56 of 3rd period - Deflect By Ryan Dzingel.
18:56 of 3rd period - Goal by Ryan Dzingel - Rangers : 2 - Oilers : 3.
18:57 of 3rd period - Patrice Bergeron wins face-off versus Sean Couturier in neutral zone.
19:04 of 3rd period - Snap shot by Viktor Arvidsson.
19:04 of 3rd period - Shot Blocked by Ryan Strome.
19:06 of 3rd period - Snap shot by Jake Gardiner.
19:06 of 3rd period - Shot Misses the Net.
19:12 of 3rd period - Wrist shot by Evander Kane.
19:12 of 3rd period - Shot Misses the Net.
19:14 of 3rd period - Snap shot by Evander Kane.
19:14 of 3rd period - Goal by Evander Kane - Rangers : 2 - Oilers : 4.
19:15 of 3rd period - Henrik Samuelsson wins face-off versus Patrice Bergeron in neutral zone.
Goals for this period are 2 for Rangers vs 2 for Oilers.
Shots for this period are 8 for Rangers vs 13 for Oilers.